 Dungeon Crawl Stone Soup version 0.30.1-11-g7821555f0a (webtiles) character file.

Game seed: 5815153716606705460

93208 Nonny the Swashbuckler (level 16, -21/93 HPs)
             Began as a Kobold Gladiator on Nov 25, 2023.
             Was a High Priest of Hepliaklqana.
             Killed by an exploding starcursed mass (40 damage)
             ... ignited by their inner flame
             ... on level 3 of the Abyss.
             The game lasted 02:01:37 (29439 turns).

Nonny the Swashbuckler (Kobold Gladiator)          Turns: 29439, Time: 02:01:38

Health: -21/93     AC: 29    Str: 11    XL:     16   Next: 56%
Magic:  20/20      EV: 29    Int: 11    God:    Hepliaklqana [*****.]
Gold:   1695       SH:  7    Dex: 23    Spells: 14/19 levels left

rFire   . . .        K - +7 scimitar (flame)
rCold   + + +        d - +0 buckler {rC+}
rNeg    . . .        I - +8 ice dragon scales
rPois   +            c - +0 helmet
rElec   +            A - +1 cloak
rCorr   +            p - +0 pair of gloves
SInv    .            S - +2 pair of boots
Will    +....        (no amulet)
Stlth   ++++         R - +5 ring of evasion
HPRegen 0.35/turn    N - +5 ring of evasion
MPRegen 0.17/turn

%: no passive effects
@: resistant, hasted, studying Ice Magic, invisible, very quick
A: reduced essence, small, no large weapons, nightstalker 3
a: Renounce Religion, Recall Ancestor, Ancestor Identity, Transference, Idealise


You were on level 3 of the Abyss.
You worshipped Hepliaklqana.
Hepliaklqana was extremely pleased with you.
You visited 4 branches of the dungeon, and saw 23 of its levels.
You visited the Abyss 1 time.
You also visited: Bailey and Ice Cave.

You collected 2725 gold pieces.
You spent 1030 gold pieces at shops.

Inventory:

Hand Weapons
 K - a +7 scimitar of flaming (weapon)
 L - a +0 dagger of protection
Missiles
 e - 32 boomerangs (quivered)
 s - 36 poisoned darts
 F - an atropa-tipped dart
 V - 3 throwing nets
 W - 5 boomerangs of dispersal
Armour
 c - a +0 helmet (worn)
 d - a +0 buckler of cold resistance (worn)
 m - a +2 robe of positive energy
 p - a +0 pair of gloves (worn)
 A - a +1 cloak (worn)
 H - +0 acid dragon scales
 I - +8 ice dragon scales (worn)
 S - a +2 pair of boots (worn)
Jewellery
 n - a ring of protection from fire
 w - a ring of resist corrosion
 M - a ring of positive energy
 N - a +5 ring of evasion (right hand)
 R - a +5 ring of evasion (left hand)
Wands
 b - a wand of digging (2)
 q - a wand of mindburst (17)
 v - a wand of flame (2)
 x - a wand of charming (19)
 X - a wand of acid (4)
Scrolls
 h - 17 scrolls of teleportation
 k - 2 scrolls of silence
 o - 4 scrolls of fog
 t - 6 scrolls of poison
 y - 7 scrolls of identify
 C - 2 scrolls of noise
 D - 3 scrolls of summoning
 J - 6 scrolls of magic mapping
 Z - 2 scrolls of vulnerability
Potions
 g - 9 potions of curing
 i - 5 potions of flight
 j - 4 potions of brilliance
 l - 6 potions of might
 u - 3 potions of haste
 G - 3 potions of invisibility
 O - a potion of cancellation
 Q - 5 potions of heal wounds
 T - 2 potions of magic
 U - 8 potions of mutation
Miscellaneous
 a - a box of beasts (inert)
 z - a condenser vane
 E - a phial of floods


   Skills:
 + Level 13.3 Fighting
 - Level 15.2(17.1) Short Blades
 + Level 8.5(10.6) Long Blades
 - Level 5.0 Throwing
 - Level 9.0 Armour
 - Level 14.7 Dodging
 * Level 9.4 Stealth
 - Level 7.0 Shields
 - Level 2.0 Spellcasting
 - Level 3.0 Ice Magic
 - Level 6.0 Invocations
 - Level 6.0 Evocations


You had 14 spell levels left.
You knew the following spells:

 Your Spells              Type           Power      Damage    Failure   Level
a - Apportation           Tloc           2%         N/A       93%         1
b - Summon Ice Beast      Ice/Summ       4%         N/A       100%        4

Your spell library contained the following spells:

 Spells                   Type           Power      Damage    Failure   Level
 Freeze                   Ice            28%        1d5       56%         1
 Frozen Ramparts          Ice            14%        1d3       90%         3
 Necrotise                Necr           4%         1d4       93%         1
 Sting                    Tmut/Pois      4%         1d3       93%         1
 Summon Small Mammal      Summ           4%         N/A       93%         1
 Poisonous Vapours        Pois/Air       2%         N/A       98%         2
 Scorch                   Fire           2%         2d5       98%         2
 Hailstorm                Conj/Ice       4%         3d4       98%         3
 Dazzling Flash           Conj/Hex       2%         N/A       100%        3
 Gell's Gravitas          Tloc           1%         N/A       100%        3
 Ignite Poison            Fire/Tmut/Pois 1%         N/A       100%        3
 Teleport Other           Tloc           1%         N/A       100%        3
 Volatile Blastmotes      Fire/Tloc      2%         2d10      100%        3
 Ice Form                 Ice/Tmut       4%         N/A       100%        4
 Iskenderun's Mystic Bla  Conj/Tloc      1%         2d3       100%        4
 Olgreb's Toxic Radiance  Pois           1%         N/A       100%        4
 Sticky Flame             Conj/Fire      1%         2d3       100%        4
 Alistair's Intoxication  Tmut/Pois      0%         N/A       100%        5
 Dispersal                Tloc           0%         N/A       100%        6
 Starburst                Conj/Fire      0%         6d3       100%        6
 Ignition                 Fire           0%         3d3       100%        8
 Death's Door             Necr           0%         N/A       100%        9
 Fire Storm               Conj/Fire      0%         6d1       100%        9


Dungeon Overview and Level Annotations

Branches:
Dungeon (15/15)            Temple (1/1) D:7            Lair (5/5) D:8
  Swamp (0/4) Lair:2       Spider (0/4) Lair:3        Slime (0/5) Lair:4
    Orc (2/2) D:12            Elf (0/3) Orc:2        Vaults (0/5) D:13
 Bailey (visited)           IceCv (visited)
 Depths: D:15

Altars:
Ashenzari
Cheibriados
Dithmenos
Elyvilon
Fedhas
Gozag
Hepliaklqana
Kikubaaqudgha
Makhleb
Nemelex Xobeh
Okawaru
Qazlal
Ru
Sif Muna
Trog
Uskayaw
Vehumet
Wu Jian
Xom
Yredelemnul
Zin
The Shining One
Jiyva

Shops:
D:6 ?   Orc:1 (   Orc:2 ?*([


Innate Abilities, Weirdness & Mutations

Your life essence is reduced to manifest your ancestor. (-10% HP)
You are small and have problems with some larger weapons.
You are completely attuned to the shadows.


Message History

As you read the scroll of immolation, it crumbles to dust.
The creatures around you are filled with an inner flame!
You block the starcursed mass's attack.
A starcursed mass splits.
You block the starcursed mass's attack.
The starcursed mass touches you but does no damage.
The starcursed mass completely misses you.
Unknown command.
Unknown command.
Unknown command.
Aiming: Corrosive Bolt
Press: ? - help, Shift-Dir - straight line, f - black draconian knight
Aim: a black draconian knight, wielding a +0 bardiche and wearing a +0 cloak (grey smoke, wandering, unable to see you, hasn't noticed you, 67% to hit)
The bolt of acid hits the starcursed mass!
The bolt of acid hits the black draconian knight!!
The acid corrodes the black draconian knight!
The black draconian knight is lightly wounded.
The starcursed mass explodes!
The fiery explosion engulfs you!!
The fiery explosion engulfs the starcursed mass!!!
The fiery explosion engulfs the black draconian knight!
The black draconian knight is moderately wounded.
The fiery explosion engulfs the starcursed mass!
The fiery explosion engulfs the starcursed mass!!! x2
The fiery explosion engulfs the starcursed mass!!
The starcursed mass explodes!
The fiery explosion engulfs you!!
The fiery explosion engulfs the starcursed mass!!
The fiery explosion engulfs the ancient zyme!!
Flame seeps out of the ancient zyme.
The ancient zyme is moderately damaged.
The starcursed mass explodes!
The fiery explosion engulfs you!!
* * * LOW HITPOINT WARNING * * *
The starcursed mass explodes!
The fiery explosion engulfs you.
* * * LOW HITPOINT WARNING * * *
The fiery explosion engulfs the ancient zyme!!
The ancient zyme explodes!
The starcursed mass explodes!
The fiery explosion engulfs you!!!
You die...
R

φ+
###q# #
##
##§§§#
#@§§§§#
#§§§5§#
#§§§§§#
+.§§○.
##.§§#


You could see a black draconian knight (wandering, unable to see you, corroded).

Vanquished Creatures
  3 hydras
  A rakshasa (D:15)
  4 catoblepae
  Erica (D:8)
  A merfolk avatar (Lair:5)
  3 centaur warriors (D:14)
  A dancing weapon (D:13)
  A two-headed ogre (D:10)
  3 boulder beetles
  7 death yaks
  3 orc high priests (Orc:2)
  Urug (Orc:2)
  3 skysharks
  A pharaoh ant (Lair:3)
  6 skeletal warriors
  5 orc knights
  3 harpies (Lair:5)
  4 ugly things
  A deep elf pyromancer (D:15)
  3 manticores
  A cyclops (D:11)
  4 elephants
  2 slime creatures (D:15)
  3 torpor snails
  A black mamba (Lair:3)
  An ice statue (IceCv)
  6 cane toads
  Psyche (D:9)
  A freezing wraith (D:15)
  6 komodo dragons
  3 rime drakes
  2 kobold demonologists
  An ancient zyme (Abyss:3)
  A hornet (D:11)
  A meliai (D:15)
  A meliai (shapeshifter) (D:14)
  A troll (D:10)
  A tyrant leech (Lair:2)
  A tarantella (Lair:3)
  7 polar bears
  22 blink frogs
  A snapping turtle (Lair:5)
  3 dream sheep (Lair:5)
  A jumping spider (Lair:3)
  A vampire (D:13)
  2 wraiths
  A basilisk (Lair:4)
  34 yaks
  5 wyverns
  2 steam dragons
  12 vampire mosquitoes
  A warg (Orc:2)
  An acid dragon (D:13)
  6 water moccasins
  A sky beast (D:8)
  23 orc warriors
  An ice beast (D:6)
  18 wolves
  2 lemures (D:8)
  2 ogres
  3 centaurs
  A phantom (D:4)
  3 kobold brigands
  7 bullfrogs
  A gnoll sergeant (D:8)
  7 killer bees
  2 vampire bats (Lair:5)
  4 howler monkeys
  8 electric eels
  A hound (D:6)
  17 orc priests
  7 starcursed masses (Abyss:3)
  2 gnoll boudas (D:7)
  2 iguanas
  A sleepcap (D:4)
  8 orc wizards
  Natasha (twice) (D:4)
  5 gnolls
  6 adders
  2 shadow imps
  2 ufetubi
  3 worms
  2 dart slugs
  39 orcs
  6 ball pythons
  5 bats
  3 endoplasms
  7 giant cockroaches
  6 goblins
  5 hobgoblins
  9 jackals
  15 kobolds
  5 quokkas
  A frilled lizard (D:1)
  5 rats
441 creatures vanquished.

Vanquished Creatures (collateral kills)
  A frost giant (IceCv)
  The ghost of wWBigheadWw the Severer, a journeyman MiBe of Trog (Orc:2)
  Harold (D:9)
  3 hydras
  A two-headed ogre (D:9)
  A dancing weapon (D:13)
  A death yak (Lair:3)
  2 orc high priests (Orc:2)
  Nergalle (Lair:2)
  2 skeletal warriors
  A sea snake (Lair:5)
  Pikel (D:8)
  3 orc knights
  2 ugly things
  4 cyclopes
  An oklob plant (Lair:2)
  A draconian (Abyss:3)
  3 elephants
  5 cane toads (Lair:5)
  A kobold demonologist (D:9)
  3 rime drakes
  5 komodo dragons
  A troll (Orc:2)
  2 meliai (D:15)
  6 polar bears
  A hornet (D:9)
  A tarantella (Lair:3)
  7 blink frogs
  A dream sheep (Lair:5)
  3 slime creatures (D:15)
  A jumping spider (Lair:3)
  2 wyverns
  A wraith (D:9)
  2 basilisks
  19 yaks
  3 vampire mosquitoes (D:12)
  Menkaure (D:7)
  2 wargs
  Duvessa (D:4)
  7 water moccasins
  A sky beast (D:8)
  2 black bears
  15 orc warriors
  5 ogres
  4 wolves (IceCv)
  2 centaurs (D:10)
  A kobold brigand (D:8)
  5 bullfrogs
  3 scorpions
  Dowan (D:4)
  6 killer bees
  An electric eel (D:11)
  A howler monkey (D:10)
  A jelly (D:8)
  17 orc priests
  3 iguanas
  Natasha (D:4)
  5 orc wizards
  Terence (D:3)
  7 gnolls
  3 adders
  2 shadow imps
  A white imp (D:6)
  An ufetubus (D:6)
  44 orcs
  3 bats (Lair:5)
  An endoplasm (D:4)
  2 giant cockroaches (D:3)
  4 jackals
  15 kobolds
263 creatures vanquished.

Vanquished Creatures (others)
  A death yak (Lair:3)
  A starcursed mass (Abyss:3)
  23 knights
  An ancestor (D:4)
26 creatures vanquished.

Grand Total: 730 creatures vanquished

Notes
Turn   | Place    | Note
-------+----------+-------------------------------------------
     0 | D:1      | Nonny the Kobold Gladiator began the quest for the Orb.
     0 | D:1      | Reached XP level 1. HP: 12/12 MP: 1/1
   252 | D:1      | Reached XP level 2. HP: 17/17 MP: 2/2
   271 | D:1      | Reached skill level 1 in Stealth
   528 | D:1      | Reached XP level 3. HP: 21/21 MP: 3/3
   678 | D:1      | Triple crossbow
   809 | D:1      | All downstairs in eastern part of floor. Starting vault is
                  | in the west.
  1095 | D:2      | Reached XP level 4. HP: 26/26 MP: 4/4
  1186 | D:1      | D:2 uphatch is viable for orbrun!
  1221 | D:2      | Reached skill level 5 in Short Blades
  1226 | D:2      | Found a faded altar of an unknown god.
  1612 | D:2      | Prayed at the altar of an unknown god.
  1612 | D:2      | Became a worshipper of Hepliaklqana the Forgotten
  1612 | D:2      | Reached * piety under Hepliaklqana
  1996 | D:2      | D:3 uphatch leads to northeastern-central D:2; maybe viable
                  | for orbrun.
  2067 | D:3      | Reached XP level 5. HP: 27/27 MP: 5/5
  2417 | D:3      | Noticed Terence
  2430 | D:3      | Killed Terence
  2698 | D:4      | Noticed a phantom
  2707 | D:4      | Killed a phantom
  2708 | D:4      | Reached skill level 5 in Stealth
  2708 | D:4      | Reached XP level 6. HP: 22/31 MP: 6/6
  2776 | D:4      | Reached skill level 6 in Short Blades
  2874 | D:4      | Noticed Natasha
  2881 | D:4      | Killed Natasha
  2888 | D:4      | Reached ** piety under Hepliaklqana
  2890 | D:4      | Noticed Natasha
  2985 | D:4      | Killed Natasha
  3083 | D:4      | Noticed a black bear
  3101 | D:4      | Killed a black bear
  3102 | D:4      | Reached skill level 7 in Short Blades
  3102 | D:4      | Reached skill level 5 in Dodging
  3102 | D:4      | Reached XP level 7. HP: 15/36 MP: 7/7
  3246 | D:4      | Remembered your ancestor Tenoch as a knight
  3339 | D:4      | Noticed Dowan
  3340 | D:4      | Noticed Duvessa
  3358 | D:4      | Noticed Natasha
  3371 | D:4      | Killed Natasha
  3395 | D:4      | Killed Duvessa
  3399 | D:4      | Killed Dowan
  3496 | D:4      | Dowan has +2 robe of positive energy.
  3619 | D:5      | Entered Level 5 of the Dungeon
  3787 | D:5      | Large chamber in the east; only contains a plain rapier.
  3893 | D:5      | Reached skill level 8 in Short Blades
  3913 | D:5      | Learned a level 1 spell: Apportation
  4187 | D:5      | Reached skill level 1 in Invocations
  4187 | D:5      | Reached XP level 8. HP: 36/39 MP: 8/8
  4553 | D:5      | Reached *** piety under Hepliaklqana
  4598 | D:5      | Noticed a yak
  4606 | D:5      | Killed a yak
  4608 | D:5      | Noticed a yak
  4611 | D:5      | Noticed a yak
  4716 | D:6      | Found a radiant altar of Vehumet.
  4823 | D:5      | D:6 uphatch maybe viable for orbrun. It leads to
                  | northwestern D:5.
  4902 | D:6      | Reached skill level 9 in Short Blades
  5114 | D:6      | Found Tiuq's Magic Scroll Shop.
  5123 | D:6      | Bought a scroll of noise for 14 gold pieces
  5123 | D:6      | Bought a scroll of teleportation for 42 gold pieces
  5123 | D:6      | Bought a scroll of teleportation for 42 gold pieces
  5123 | D:6      | Bought a scroll of fear for 56 gold pieces
  5555 | D:7      | D:6 downstairs lead to roughly the same area on D:7. Near
                  | orc band, including priest and warrior. Also bullfrog.
  5580 | D:7      | Reached XP level 9. HP: 31/43 MP: 11/11
  5681 | D:7      | +1 robe of resistance
  5795 | D:7      | Reached skill level 10 in Short Blades
  5966 | D:7      | Noticed Menkaure
  5973 | D:7      | Killed Menkaure
  6282 | D:7      | Found a staircase to the Ecumenical Temple.
  6397 | Temple   | Entered the Ecumenical Temple
  6640 | Temple   | Temple: five ovals in an oval
  6659 | D:7      | Reached skill level 11 in Short Blades
  6758 | D:7      | Reached skill level 5 in Throwing
  7025 | D:8      | Reached XP level 10. HP: 39/50 MP: 10/12
  7101 | D:8      | Found a staircase to the Lair.
  7456 | D:8      | Reached skill level 12 in Short Blades
  7644 | D:8      | Noticed Pikel
  7660 | D:8      | Killed Pikel
  7934 | D:8      | Noticed Erica
  7952 | D:8      | Killed Erica
  7953 | D:8      | Reached skill level 5 in Fighting
  7953 | D:8      | Reached skill level 10 in Dodging
  8098 | D:8      | Reached skill level 13 in Short Blades
  8227 | D:8      | Reached skill level 1 in Evocations
  8481 | Lair:1   | Entered Level 1 of the Lair of Beasts
  8613 | Lair:1   | Reached XP level 11. HP: 27/57 MP: 13/13
  8681 | Lair:1   | Found a frozen archway.
  8682 | Lair:1   | Ice cave north of entrance.
  8778 | IceCv    | Entered an ice cave
  8880 | IceCv    | Reached skill level 14 in Short Blades
  9389 | IceCv    | Reached **** piety under Hepliaklqana
  9431 | IceCv    | Reached skill level 5 in Evocations
  9778 | IceCv    | Noticed a death yak
  9778 | IceCv    | Noticed a death yak
  9791 | IceCv    | Killed a death yak
  9792 | IceCv    | Reached XP level 12. HP: 64/64 MP: 14/14
  9861 | IceCv    | Killed a death yak
 10271 | IceCv    | Noticed a death yak
 10271 | IceCv    | Noticed a death yak
 10271 | IceCv    | Noticed a frost giant
 10271 | IceCv    | Noticed a death yak
 10399 | IceCv    | Killed a death yak
 10602 | IceCv    | Killed a frost giant
 10603 | IceCv    | Reached skill level 15 in Short Blades
 10865 | IceCv    | Manual of ice magic
 10877 | IceCv    | Absolute blunder.
 10880 | IceCv    | Killed a death yak
 10881 | IceCv    | Killed a death yak
 10882 | IceCv    | I LIVE!
 10883 | IceCv    | Got Paromosa's Codex of Cadavers and the Burn
 11285 | Lair:1   | Reached skill level 1 in Armour
 11292 | Lair:1   | Found a shimmering blue altar of Sif Muna.
 11976 | Lair:2   | Reached XP level 13. HP: 43/73 MP: 15/15
 12101 | Lair:2   | Noticed Nergalle
 12127 | Lair:2   | Killed Nergalle
 12128 | Lair:2   | Reached skill level 10 in Fighting
 12213 | Lair:2   | Reached skill level 1 in Shields
 12437 | Lair:2   | Noticed a six-headed hydra
 12491 | Lair:2   | Killed a two-headed hydra
 13141 | Lair:2   | Found a staircase to the Swamp.
 13566 | Lair:3   | Noticed a six-headed hydra
 13575 | Lair:3   | Killed a two-headed hydra
 14316 | Lair:3   | Reached skill level 5 in Armour
 14469 | Lair:3   | Found a hole to the Spider Nest.
 14903 | Lair:3   | Reached skill level 5 in Invocations
 15688 | Lair:4   | Reached XP level 14. HP: 63/81 MP: 16/18
 16369 | Lair:4   | Found a viscous altar of Jiyva.
 16369 | Lair:4   | Found a staircase to the Slime Pits.
 16944 | Lair:5   | Entered Level 5 of the Lair of Beasts
 17441 | Lair:5   | Reached skill level 5 in Shields
 19625 | Lair:5   | Bat vault.
 20084 | D:9      | Found a flagged portal.
 20089 | D:9      | Bailet entrance in south.
 20090 | Bailey   | Entered a bailey
 20283 | Bailey   | Reached XP level 15. HP: 80/86 MP: 19/19
 20481 | D:9      | Noticed Psyche
 20489 | D:9      | Killed Psyche
 20633 | D:9      | Reached skill level 1 in Long Blades
 20860 | D:9      | Noticed Harold
 20870 | D:9      | Killed Harold
 21276 | D:10     | Entered Level 10 of the Dungeon
 21761 | D:10     | Found a hide-covered altar of Uskayaw.
 21947 | D:10     | Found an ornate altar of the Wu Jian Council.
 21947 | D:10     | Found a glowing silver altar of Zin.
 23657 | D:12     | Reached ***** piety under Hepliaklqana
 23867 | D:12     | Found a staircase to the Orcish Mines.
 23875 | D:12     | Reached skill level 5 in Long Blades
 24291 | D:12     | Reached skill level 1 in Ice Magic
 24320 | D:12     | Learned a level 4 spell: Summon Ice Beast
 24604 | Orc:1    | Entered Level 1 of the Orcish Mines
 24606 | Orc:1    | Found a radiant altar of Vehumet.
 24941 | Orc:1    | Found Uxefiukye's Antique Weapon Shop.
 24947 | Orc:1    | Zealot's sword for 3000+ gold
 25164 | Orc:2    | Entered Level 2 of the Orcish Mines
 25194 | Orc:2    | Noticed Urug
 25203 | Orc:2    | Killed Urug
 25452 | Orc:2    | Found a runed translucent door.
 25452 | Orc:2    | Noticed wWBigheadWw's ghost (journeyman MiBe)
 25596 | Orc:2    | Killed wWBigheadWw's ghost
 25758 | Orc:2    | Identified the staff of cold "Erpho" {+Blink rC+ Str+3
                  | Int+4}
 25996 | Orc:2    | Found a staircase to the Elven Halls.
 26136 | Orc:2    | Reached skill level 1 in Spellcasting
 26364 | Orc:2    | Reached XP level 16. HP: 59/92 MP: 20/20
 26832 | Orc:2    | Found Ahicsyomn's Assorted Antiques.
 26833 | Orc:2    | Found Puacuhe's Weapon Emporium.
 26834 | Orc:2    | Found Roliehoh's Armour Shoppe.
 26834 | Orc:2    | Found Yheus's Magic Scroll Shoppe.
 26840 | Orc:2    | Bought a scroll of teleportation for 90 gold pieces
 26840 | Orc:2    | Bought a scroll of teleportation for 90 gold pieces
 26840 | Orc:2    | Bought a scroll of immolation for 120 gold pieces
 26840 | Orc:2    | Bought a glowing cloak for 225 gold pieces
 26852 | Orc:2    | Bought a scroll of teleportation for 54 gold pieces
 26852 | Orc:2    | Bought 2 scrolls of teleportation for 108 gold pieces
 26852 | Orc:2    | Bought a scroll of teleportation for 54 gold pieces
 26852 | Orc:2    | Bought a scroll of enchant weapon for 135 gold pieces
 27332 | D:13     | Found a gate to the Vaults.
 28669 | D:15     | Entered Level 15 of the Dungeon
 29321 | D:14     | Identified the +0 ring mail of the Bull {-Tele Rampage
                  | rPois rN+}
 29402 | Abyss:3  | Cast into level 3 of the Abyss (a wizard)
 29417 | Abyss:3  | Found a transporter.
 29426 | Abyss:3  | Noticed a black draconian knight
 29439 | Abyss:3  | Killed by an exploding starcursed mass... ignited by their
                  | inner flame

Illustrated notes ##.#.####.......###.## ...#......#.####...## ....#######.## ##### #...# #...# ####. ##..# #...# #... .#..# #...####.# .#..# #........# .#..######....###.# .#.##...........@.# .#......).÷.....).# .#.##.............# .#.######......##.# ##.# #...... .# #..# #.)..#. ..## #....# # .## #....#.###.## ##. ## #......#.... ... .. Turn 678 on D:1: Triple crossbow ..####.##.##.#..##############.## .......##.......#.......##....... ...###.##.......#.......##.###.#. .......##.#...>.........##.###.#. .....).##.#.............##.##..#. .......##.#.#.#>........##.##.##. ....##.##.....#.........##.##.##. .......##...............##....... ..#.###.......##@#########.###### ..#.# #.##..........# #.# ..#.###.##.##..####># #.# ....#............##.## #.# .####.#.###.#..#.....## #.# ..###.#.###.#..####...####.# ....................#......# ......##.##.#######...###### ...##.##.##.# ##### Turn 809 on D:1: All downstairs in eastern part of floor. Starting vault is in the west. ###...##.......# #.# ##.###.......####.# #.# #.##.##.#....# #.# #.##.....###.# #.###.......## ##. #### #......###.## ## ...# #########.###......# # ##.# #.......#)#........## ## ##.#####...###.#@..##.#.##.## ##. #...........##.#.####.......###.# ..#########....#......#.####...## .#+.......##....#######.## #####. ##.#######.##...# #...# ####. #.'#.....##.##..# #...# #.... .##.#####.##.#..# #...####.##. .#.##.#.##.#.#..# #........##. .###.##'.#.#.#..######....###.##. Turn 1186 on D:1: D:2 uphatch is viable for orbrun!

.......# #.######'###.##...._..
.......# #..........#.####.#..#
.......# #............^....#..#
.......# #..........#.###..#...
######## #....).....#.# #..#...
### #.##########.# #..#... ..#
#.######## #.# #..#... ..#
#######'##.....# #.# #..#...
..####..........@R..# #.# #..#...
....................# #.# #..#...
######..............###.###......
#### ##.............'...#........
...# #.#######.....#####....#...
.#.# #.# #.....#####.#..#### .#.#
#.# #.....#.....#..###. ...# #.#
###.....###.....##. .#.# #.#
##..##...........#.


Turn 1996 on D:2: D:3 uphatch leads to northeastern-central D:2; maybe viable
for orbrun. ..# ####.....########......##### #####....############.#...><...##
...........<..........########... ##....##############..# #### ...#### #...## #
#### #†### ### #.# #.. .#################.#### ######.# ee......e.......@R)...#
##......# ##################.######..###### #.......[[.## ###.#.######## #.....#
#.#.### #...# ##### Turn 3496 on D:4: Dowan has +2 robe of positive energy.
##..............## ##................## #..................#
#......8♣♣♣♣8......# #......♣♣ ♣♣......# #### #......♣ ♣......# #..# #......♣
♣......# ##..# #......♣♣ ♣♣.R....###.### #.)....8♣♣♣♣8.@....#.#.#
#..................#...## ##................##..#.# . ##..............##....## .
##............##.....# ... ##..........##......# ...# ##........##......## #..##
####''####.......# #..## ##.............## Turn 3787 on D:5: Large chamber in
the east; only contains a plain rapier. #.###...................... ###
####................... ##.......####....... #....#...# #........ #...##...#
#........ #...###..# #........ ##...##...# #........ #.....#...###........
#...@......###....... ##...R......# #....... ##...........###.......
#.............##....... ### ##..............#.......
#.###...............##...... ##...................##.....
#>###.....#######.......... #.# #...### ###........ Turn 4823 on D:5: D:6
uphatch maybe viable for orbrun. It leads to northwestern D:5. #...# .##...#
......# ......# #.R.# #<@.# .......# [......# .####### #..# .... #..# .o.o##..#
.o..#..<## Turn 5555 on D:7: D:6 downstairs lead to roughly the same area on
D:7. Near orc band, including priest and warrior. Also bullfrog. ....#.))# ##
#..##).)# ..##..##...# ...........# ...........# .###.###...# #######'###<..#
o)...)).......# ....@..[......# ....R...####### .o>.##..# ###' #..# .... #..#
.o.o##..# .o..#..<## ..o.#.<..# .o{o'....# Turn 5681 on D:7: +1 robe of
resistance ####### ####### #.....### ###.....# ...._...## ##..._.... .........#
#......... _..8.._..# #.._..8.._ .........# ####### #......... .._.....##
###.....### ##....._.. #.....### ##.........## ###.....# ####### #.....@.....#
####### # #....R<.....# # ### #...........# ### ..#### ##.........## ####..
.....#########.....#########..... ###........#####'#####........###
######.......R#........###### ######.......###### ######### Turn 6640 on Temple:
Temple: five ovals in an oval ...# ∩ #. ....#.#..## .....#....## ...........
#..#.@....# #....R....##### #...#.#...##.##.# ###...............#
...........###.#..## #.#....##.........# #[##.##.####...## #.#.#......####...##
........†............ Turn 8682 on Lair:1: Ice cave north of entrance. #####
#?[:### #[)##.## #@.#...#### #}.#..Y.#.# # ##..Y.Y.#§## ## #.#.#.#..#.## #.
#.######Y##.# #. #. #####R## ##. ##..#.## ##.. #......# #... ##.##...# ##..#
Turn 10865 on IceCv: Manual of ice magic ##### #?@:### #[Y##.## #:.#...#### #
#}Y#..Y.#.# ## ##.(..Y.#§## ##. #.#.#.#..#.## #.# #.######Y##.# #.. #. #####R##
##.. ##..#.## ##..⌠ Turn 10877 on IceCv: Absolute blunder. ##### #?@:###
#[)##.## #:.#...#### # #}.#..Y.#.# ## ##.(..Y.#§## ##. #.#.#.#..#.## #.#
#.######Y##.# #.. #.** #####R## ##.. **,,*##..#.## ##..⌠ Turn 10882 on IceCv: I
LIVE! .#....#....................#...P. ...P.##....................#...#.
.P..........#.................... #......................#.........
#....#.....................#..... ......#..........................
#...........#..†............P.... ......#...P..##.###.........#....
.....#......###.@.###............ .<..l.....####R...b# #...#.#.....
...........##bb..[..# .....P..... ...........###...!b## ...........
............###b..## ..#.... .. #............# .. ........[.....P
............... ##....#.......P Turn 19625 on Lair:5: Bat vault.
...##********,******** *,,,,,,,,, ...# *,* *,,,,,,,,, ...# *,* ****,***** .###
*,* *,,* .# *,* **,* .# ###+### *,* '### #.....## *******+**** ...#
####......####*,,,,,,,,,,< ...# ###..'....R@....*,,,,,,,,,,,
...###...##.....####.+,,,,,,,,,,> ...'...####.>...# ***,,,,,,,,,,, )..#####
####### ************ .).# ...# #### Turn 20089 on D:9: Bailet entrance in south.
...... .................... ................>... #.....##............
..≈≈≈..#............ #.≈≈≈≈≈.#......(..... #.≈≈≈≈≈.#...)..)....)
#.≈≈≈≈≈.#...#)....... #..≈≈R..#..#..).....^ #..@..##.......)....
########........#.#. #..... .......####. ##.......#.....# ##. .##.....#.##.....#
#.. #...........#....## ##. #........#...#....# ##. ..._.....<...#.#.## #^.
......##.##.....## ##. Turn 24947 on Orc:1: Zealot's sword for 3000+ gold

Levels and vault maps discovered:
D:1:      evilmike_arrival_rings, layout_loops_cross, minmay_misc_feat_doors,
          chequers_serial_rivers_small_a
D:2:      layout_basic, basic_ecumenical_altar, hex_large
D:3:      layout_loops_ring, uniq_terence
D:4:      layout_rooms, uniq_duvessa, uniq_natasha
D:5:      layout_layer_cave, kennysheep_big_empty_room
D:6:      layout_gridville, mainiacjoe_overflow_paths, serial_shops,
          nicolae_shop_tiny_statue_garden
D:7:      layout_gridville, minmay_temple_entry_glassed_door, uniq_menkaure
D:8:      layout_loops_corners, dpeg_oklobed_lair, uniq_erica, uniq_pikel
D:9:      layout_roguey, enter_bailey_1, mrwooster_statue_mirror, uniq_harold,
          uniq_psyche
D:10:     layout_loops_cross, lemuel_tele_altar, gammafunk_temple_overflow_wave
D:11:     layout_basic
D:12:     layout_stronghold, orc_0_dummy
D:13:     layout_rooms, erik_vaults_1
D:14:     layout_basic
D:15:     grunt_enter_depths_hoard, layout_gridville, minivault_26
Temple:   dpeg_five_rooms_temple
Lair:1:   layout_loops_ring, portal_ice_cave_entry_pillars_2, basic_altar,
          infiniplex_staircase_pool
Lair:2:   layout_loops_ring, minmay_swamp_entry_worms, uniq_nergalle
Lair:3:   layout_regular_city, nicolae_spider_entry_lesser_pyramids,
          pdpol_lair_cavern_descent
Lair:4:   layout_loops_ring, slime_entry_1
Lair:5:   gammafunk_lair_ancient_temple, layout_long_grid, wad_woods_river_03,
          roderic_batcave
Orc:1:    layout_caves, basic_altar, serial_shops, nicolae_lakefront_shop
Orc:2:    st_orc_pillars, layout_diamond_mine, gammafunk_ghost_grave, uniq_urug
Abyss:3:  base: D:11, evilmike_abyss_exit_10, gammafunk_abyss_rune_reverse_zot,
          gammafunk_abyss_rune_reverse_zot, evilmike_abyss_exit_chaos

Skill      XL: |  1  2  3  4  5  6  7  8  9 10 11 12 13 14 15 16 |
---------------+-------------------------------------------------+-----
Stealth        | 1 2 4 5 6 7 9 |  9.4
Dodging        | 4 5 6 7 9 10 12 14 | 14.7
Short Blades   | 5 7 8 9 11 13 14 15 | 15.2
Invocations    | 1 3 5 6 |  6.0
Throwing       | 3 5 |  5.0
Fighting       | 3 5 7 9 11 12 13 | 13.3
Evocations     | 2 5 6 |  6.0
Armour         | 2 5 8 9 |  9.0
Shields        | 3 6 7 |  7.0
Long Blades    | 6 8 |  8.5
Ice Magic      | 3 |  3.0
Spellcasting   | 1 2 |  2.0

Action                     |  1- 3 |  4- 6 |  7- 9 | 10-12 | 13-15 | 16-18 || total
---------------------------+-------+-------+-------+-------+-------+-------++-------
  Melee: Rapier            |    65 |   131 |   179 |    37 |       |       ||   412
         Punch             |       |     2 |     6 |     6 |       |       ||    14
         Falchion          |       |       |     3 |       |       |       ||     3
         Short sword       |       |       |    95 |    40 |   148 |       ||   283
         Dagger            |       |       |       |   595 |   808 |       ||  1403
         Scimitar          |       |       |       |    24 |   423 |   188 ||   635
  Throw: Dart              |       |     5 |     5 |    16 |    20 |     5 ||    51
         Stone             |       |     1 |     3 |     7 |    37 |       ||    48
         Throwing net      |       |     1 |     1 |     7 |     7 |       ||    16
         Boomerang         |       |       |       |       |     5 |     1 ||     6
 Invoke: Recall Ancestor   |       |       |     8 |    10 |     5 |     1 ||    24
         Ancestor Life: Kn |       |       |     1 |       |       |       ||     1
         Transference      |       |       |     2 |     9 |    10 |       ||    21
         Idealise          |       |       |       |     1 |       |       ||     1
  Evoke: Wand              |       |       |     2 |     6 |    29 |     2 ||    39
         Phial of floods   |       |       |       |       |     1 |       ||     1
         Condenser vane    |       |       |       |       |     1 |       ||     1
         Box of beasts     |       |       |       |       |       |     1 ||     1
    Use: Scroll            |     3 |     5 |     6 |     9 |    28 |     3 ||    54
         Potion            |       |     1 |     3 |     5 |     4 |     4 ||    17
   Stab: Sleeping          |     8 |    13 |     9 |    11 |    29 |     5 ||    75
         Distracted        |     1 |     2 |       |     2 |    17 |     5 ||    27
         Invisible         |       |       |     1 |     4 |     1 |       ||     6
         Held in net/web   |       |       |       |     6 |     4 |       ||    10
         Petrified         |       |       |       |       |       |     2 ||     2
 Armour: Leather armour    |    14 |    25 |     3 |       |       |       ||    42
         Skin              |       |    51 |    17 |     1 |       |       ||    69
         Robe              |       |       |    29 |    43 |       |       ||    72
         Ice dragon scales |       |       |       |    78 |   352 |    60 ||   490
  Dodge: Dodged            |    60 |    97 |   159 |   393 |   967 |   167 ||  1843
  Block: Buckler           |       |       |       |    12 |   349 |    64 ||   425
